 Dungeon Sprint DCSS version 0.29-a0-925-g0a7a3d12f8 (webtiles) character file.

Game seed: 655291800556981207

1153 Hipnos the Carver (level 8, -11/83 HPs)
             Began as a Green Draconian Chaos Knight on July 29, 2022.
             Was a Plaything of Xom.
             Mangled by a polar bear (12 damage)
             ... in the Dungeon (Sprint II: "The Violet Keep of Menkaure").
             The game lasted 00:09:39 (910 turns).

Hipnos the Carver (Green Draconian Chaos Knight)     Turns: 910, Time: 00:09:40

Health: -11/83     AC:  9    Str: 14    XL:     8   Next: 16%
Magic:  8/8        EV: 13    Int: 14    God:    Xom [......]
Gold:   124        SH:  7    Dex: 12    Spells: 7/7 levels left

rFire   . . .      SeeInvis .   a - +0 falchion (chaos)
rCold   . . .      Faith    .   g - +0 kite shield
rNeg    . . .      Spirit   .   (body armour unavailable)
rPois   +          Reflect  .   (helmet restricted)
rElec   .          Harm     .   k - +0 cloak
rCorr   .          Rampage  .   l - +0 pair of gloves
Will    .....      NoTele   +   j - +0 pair of boots
Stlth   ++........              (no amulet)
HPRegen 0.00/turn               (no ring)
MPRegen 0.11/turn               (no ring)

@: short of breath, inhibited regen
A: breathe noxious fumes, AC +6, unfitting armour, poison resistance,
cold-blooded, inhibited regeneration
a: Breathe Noxious Fumes, Renounce Religion


You were in the Dungeon.
You worshipped Xom.
You were a very special plaything of Xom.
You visited 1 branch You collected 781 gold pieces.
You spent 657 gold pieces at shops.

Inventory:

Hand Weapons
 a - a +0 falchion of chaos (weapon)
 m - a +2 great mace of protection
Missiles
 i - 2 javelins
Armour
 g - a +0 kite shield (worn)
 j - a +0 pair of boots (worn)
 k - a +0 cloak (worn)
 l - a +0 pair of gloves (worn)
Scrolls
 c - 2 scrolls of identify {unknown}
Potions
 d - 3 potions of flight
 e - a potion of haste
 f - 2 potions of magic
Miscellaneous
 b - a piece from Xom's chessboard (12/15) (quivered)


   Skills:
 + Level 12.1 Fighting
 + Level 12.4 Long Blades
 + Level 7.4 Dodging
 + Level 1.3 Stealth
 + Level 1.5 Shields


You had 7 spell levels left.
You didn't know any spells.
Your spell library was empty.

Dungeon Overview and Level Annotations

Branches:
Dungeon (1/1)

Altars:
Cheibriados
Dithmenos
Elyvilon
Hepliaklqana
Kikubaaqudgha
Makhleb
Qazlal
Ru
Sif Muna
Trog
Uskayaw
Vehumet
Wu Jian
Xom
Yredelemnul
Zin
The Shining One
Jiyva
Lugonu

Shops:
D (=:[:([*=?!=![!

Annotations:
D exclusions: obsidian statue and oklob plant


Innate Abilities, Weirdness & Mutations

You can breathe blasts of noxious fumes.
Your lurid green scales are hard. (AC +6)
You cannot fit into any form of body armour.
Your system is resistant to poisons. (rPois)
You are cold-blooded and may be slowed by cold attacks.
You do not regenerate when monsters are visible.


Message History

You now have 107 gold pieces (gained 12).
You see here a scroll labelled COTOUW PIAKEUN.
c - 2 scrolls labelled COTOUW PIAKEUN (gained 1)
You feel yourself slow down.
You see here 17 gold pieces.
You now have 124 gold pieces (gained 17).
Something bites you!
* * * LOW HITPOINT WARNING * * *
Something claws you but does no damage. x2
Something bites you!
* * * LOW HITPOINT WARNING * * *
Something claws you.
* * * LOW HITPOINT WARNING * * *
Something claws you but does no damage.
Okay, then.
Blink to where?
Press: ? - help, Dir - move target
As you read the scroll of blinking, it crumbles to dust.
You close the door.
You open the door.
Okay, then.
Non-targeted evoke: piece from Xom's chessboard (13/15)
Press: ? - help, Q - select action, (/) - cycle Dir - look around, f - activate
Okay, then.
Aiming: Breathe Noxious Fumes (4% risk of failure)
Press: ? - help, Shift-Dir - straight line You exhale a blast of noxious fumes.
The blast of choking fumes hits something.
Okay, then.
You can't see anything.
Try to make a move anyway?
Okay, then.
You can't see anything.
Try to make a move anyway?
You make a move on Xom's chessboard...
Nothing appears to happen.
You hit something but do no damage.
You see here 14 gold pieces.
You hit something. You hit something but do no damage.
Your tail-slap misses something.
Something bites you!
You die...
Xom chortles!

,,,**#°°.▓≈≈≈≈≈≈≈≈▓▓ ,, ,*,++ +++
,,,*,*#°°▓▓▓▓▓▓▓▓▓▓▓*+**,*,+≈ , +
,,,*,,#|°▓...)....▓▓,,,*,*, ≈,,≈+
*^*,,#=)▓.[!?![)[▓▓,⌠,*,* ≈ ≈+
,+.####[|▓.?!!!!!)▓▓,,,*^*,+≈,,≈+
,*...####▓?!!=$!)[▓▓,,,*,*,+≈,,≈+
**#..#*c#▓!!)$(?$[▓▓,, *,*,+≈,, +
,,+^.#,y#▓!!$((!$[▓▓,, ,*,+≈,,≈
,,#..# h#▓$|=[![@$▓▓ * ,*≈, ≈
###..##.#▓$:?()$!)▓▓,,,*, ,*≈,,≈*
.###...##▓▓▓▓▓▓▓'▓▓▓▓+▓*,** ≈ ,≈*
...≈≈≈≈≈≈≈≈≈≈≈≈≈...X≈≈▓,,,,, ,,**
...≈#+########+###.≈≈≈▓,, , ,,*
≈§.≈#.._._._.#S≈§##≈≈≈▓,,,,, **
≈≈.≈#._._._..#≈≈§≈####▓**** **
≈≈≈§#_._._._.#§§≈≈≈#*,,*,,*≈*
≈≈≈≈#._._._._#≈≈§§≈§* , ,, ≈*


You could see a kraken.

Vanquished Creatures
  A yaktaur (D)
  A wyvern (D)
  3 neqoxecs (D)
  Menkaure (D)
  A water moccasin (D)
  3 worms (D)
10 creatures vanquished.

Vanquished Creatures (collateral kills)
  A wyvern (D)
  A water moccasin (D)
2 creatures vanquished.

Vanquished Creatures (others)
  A neqoxec (D)
  4 tentacles (D)
5 creatures vanquished.

Grand Total: 17 creatures vanquished

Notes
Turn   | Place    | Note
-------+----------+-------------------------------------------
     0 | D        | Hipnos the Draconian Chaos Knight began the quest for the
                  | Orb.
     0 | D        | Reached XP level 1. HP: 19/19 MP: 1/1
     1 | D        | Noticed a wyvern
     1 | D        | Noticed a wyvern
    19 | D        | Reached XP level 2. HP: 28/28 MP: 2/2
    88 | D        | Noticed Menkaure
    92 | D        | XOM: potion effect (berserk rage)
    95 | D        | Killed Menkaure
    96 | D        | Reached XP level 3. HP: 11/39 MP: 3/3
    96 | D        | Reached XP level 4. HP: 13/47 MP: 4/4
   149 | D        | XOM: god gift: 2 javelins
   200 | D        | XOM: scenery: 1 doors open
   340 | D        | Noticed a neqoxec
   342 | D        | Gained mutation: You do not regenerate when monsters are
                  | visible. [a neqoxec]
   343 | D        | Noticed a neqoxec
   345 | D        | XOM: cleaving
   347 | D        | Killed a neqoxec
   348 | D        | Reached skill level 5 in Dodging
   348 | D        | Reached XP level 5. HP: 56/56 MP: 5/5
   352 | D        | Killed a neqoxec
   353 | D        | Reached XP level 6. HP: 66/66 MP: 6/6
   354 | D        | Noticed a neqoxec
   366 | D        | Killed a neqoxec
   367 | D        | Reached skill level 10 in Fighting
   367 | D        | Reached skill level 10 in Long Blades
   367 | D        | Found Bacum's Distillery.
   367 | D        | Found Soz Bege's Distillery.
   367 | D        | Found Xaujuef's Magic Scroll Boutique.
   367 | D        | Found Lann's Distillery.
   367 | D        | Found Bankitur's Jewellery Boutique.
   369 | D        | Found Saahayfi's Jewellery Boutique.
   369 | D        | Found Rutisuit's Assorted Antiques.
   369 | D        | Found Akliedoth's Antique Armour Boutique.
   370 | D        | Found Qelul's Armour Shop.
   370 | D        | Found Wajocku's Antique Weapon Boutique.
   370 | D        | Noticed a water moccasin
   384 | D        | Noticed a water moccasin
   385 | D        | Noticed a water moccasin
   387 | D        | XOM: cast spell 'Summon Hydra'
   388 | D        | Killed a water moccasin
   389 | D        | Your scales start taking on a lurid green colour.
   389 | D        | Reached XP level 7. HP: 41/73 MP: 7/7
   389 | D        | Gained mutation: Your system is resistant to poisons.
                  | (rPois) [Green Draconian growth]
   390 | D        | Killed a wyvern
   394 | D        | Noticed a neqoxec
   404 | D        | XOM: destruction
   405 | D        | Killed a neqoxec
   642 | D        | Noticed a manticore
   666 | D        | Noticed a boulder beetle
   666 | D        | Noticed a boulder beetle
   677 | D        | Found Esa Sio's Book Boutique.
   677 | D        | Found Gapian's Antique Armour Shop.
   677 | D        | Noticed an oklob plant
   678 | D        | Found Apneor's Jewellery Shop.
   678 | D        | Found Wum Bic's Book Shoppe.
   678 | D        | Found Amemuss Fyeth's Antique Weapon Boutique.
   694 | D        | Bought a kite shield for 103 gold pieces
   694 | D        | Bought a pair of boots for 103 gold pieces
   706 | D        | Noticed an iron elemental
   707 | D        | Bought a +0 cloak for 63 gold pieces
   707 | D        | Bought a +0 pair of gloves for 63 gold pieces
   720 | D        | Bought 2 potions of heal wounds for 110 gold pieces
   724 | D        | Bought a potion of flight for 39 gold pieces
   726 | D        | Bought 2 potions of invisibility for 176 gold pieces
   736 | D        | Noticed a manticore
   749 | D        | Noticed an ice statue
   758 | D        | Noticed an obsidian statue
   778 | D        | Found a hazy altar of Hepliaklqana.
   778 | D        | Found a snail-covered altar of Cheibriados.
   779 | D        | Found a stormy altar of Qazlal.
   779 | D        | Found a viscous altar of Jiyva.
   779 | D        | Found a shadowy altar of Dithmenos.
   780 | D        | Found a sacrificial altar of Ru.
   780 | D        | Found an ancient bone altar of Kikubaaqudgha.
   780 | D        | Found a white marble altar of Elyvilon.
   782 | D        | Found an ornate altar of the Wu Jian Council.
   782 | D        | Found a shimmering blue altar of Sif Muna.
   782 | D        | Found a corrupted altar of Lugonu.
   783 | D        | Found a shimmering altar of Xom.
   783 | D        | Found a bloodstained altar of Trog.
   783 | D        | Found a burning altar of Makhleb.
   784 | D        | Found a glowing golden altar of the Shining One.
   784 | D        | Found a basalt altar of Yredelemnul.
   784 | D        | Found a hide-covered altar of Uskayaw.
   785 | D        | Found a glowing silver altar of Zin.
   785 | D        | Found a radiant altar of Vehumet.
   785 | D        | Noticed a polar bear
   786 | D        | Noticed a yaktaur
   786 | D        | Noticed a hornet
   786 | D        | Noticed a polar bear
   793 | D        | Noticed a kraken
   800 | D        | XOM: cast spell 'Disjunction'
   813 | D        | XOM: divination: magic mapping
   815 | D        | XOM: summons friendly shadow imp
   837 | D        | XOM: blink monster(s)
   840 | D        | Killed a yaktaur
   840 | D        | XOM: summons 2 hostile demons
   841 | D        | Reached skill level 1 in Stealth
   841 | D        | Reached XP level 8. HP: 54/83 MP: 8/8
   865 | D        | XOM: confuse monster(s)
   866 | D        | XOM: divination: magic mapping
   870 | D        | XOM: draining
   884 | D        | Reached skill level 1 in Shields
   901 | D        | HP: 2/83 [something (12)]
   910 | D        | Mangled by a polar bear

Illustrated notes

Levels and vault maps discovered:
D:        the_violet_keep_of_menkaure [sprint2_stairs_cluster_1,
          sprint2_shoproom, sprint2_temple, sprint2_basic_supplies,
          sprint2_obstacle_2, sprint2_obstacle_3, sprint2_obstacle_7,
          sprint2_obstacle_5, sprint2_obstacle_6, sprint2_timed_cluster_1,
          sprint2_smallroom_cluster_1, sprint2_smallroom_final_cluster_1,
          sprint2_transparent_cluster_1, sprint2_second_timed_cluster_1,
          sprint2_sniper_area_1, sprint2_heavy_combat_area_1,
          sprint2_mutation_trap_area_1, sprint2_forest_area_1,
          sprint2_light_combat_area_1, sprint2_behind_water_1,
          sprint2_near_end_vault_1]

Skill      XL: |  1  2  3  4  5  6  7  8 |
---------------+-------------------------+-----
Fighting       | 4 7 8 9 10 12 | 12.1
Long Blades    | 4 7 8 9 10 12 | 12.4
Dodging        | 4 5 6 7 |  7.4
Stealth        | 1 |  1.3
Shields        | 1 |  1.5

Action                   |  1- 3 |  4- 6 |  7- 9 || total
-------------------------+-------+-------+-------++-------
Melee: Falchion          |    16 |    23 |    26 ||    65
       Tailslap          |     2 |     5 |     6 ||    13
 Abil: Breathe Noxious F |       |       |     4 ||     4
Evoke: Piece from Xom's  |       |       |     3 ||     3
  Use: Potion            |       |     1 |     9 ||    10
       Scroll            |       |       |     1 ||     1
 Stab: Confused          |       |       |     3 ||     3
Armor: Skin              |     4 |       |    30 ||    34
Dodge: Dodged            |     1 |     9 |    45 ||    55
Block: Kite shield       |       |       |    25 ||    25

Table legend: (Time is in decaauts)
 A = Elapsed time spent in this place.
 B = Non-inter-level travel time spent in this place.
 C = Inter-level travel time spent in this place.
 D = Time resting spent in this place.
 E = Time spent auto-exploring this place.
 F = Levels seen in this place.
 G = Mean time per level.
                   A        B        C        D        E       F      G
               +--------+--------+--------+--------+--------+-----+--------+
         Total |    929 |    929 |      0 |    549 |      0 |   1 |  929.0 |
       Dungeon |    929 |    929 |      0 |    549 |      0 |   1 |  929.0 |
               +--------+--------+--------+--------+--------+-----+--------+

Top non-repeatable levels by time:
       D: 929 daAuts
